 Dungeon Crawl Stone Soup version 0.24-a0-779-g36f0aeb843 (webtiles) character file.

Game seed: 11098585674624173941, levelgen mode: deterministic

2899 GordonOverkill the Destroyer (level 9, -6/57 HPs)
             Began as a Demonspawn Fire Elementalist on Oct 8, 2019.
             Was an Initiate of Ru.
             Killed by nerve-wracking pain
             ... invoked by an orc priest
              (10 damage)
             ... on level 10 of the Dungeon.
             The game lasted 00:21:14 (9499 turns).

GordonOverkill the Destroyer (DsFE)                 Turns: 9499, Time: 00:21:15

Health: -6/57      AC: 10    Str: 12    XL:     9   Next: 49%
Magic:  0/12       EV: 16    Int: 19    God:    Ru [......]
Gold:   342        SH:  6    Dex: 13    Spells: 4/12 levels left

rFire    . . .     SeeInvis .   G - +0 short sword (elec)
rCold    + . .     Gourm    .   A - +0 buckler
rNeg     . . .     Faith    .   f - +0 robe
rPois    .         Spirit   +   F - +2 hat
rElec    .         Reflect  .   l - +2 cloak
rCorr    .         Harm     .   (no gloves)
MR       .....                  B - +0 pair of boots
Stlth    ++........             (no amulet)
HPRegen  0.19/turn              i - +2 ring of intelligence
MPRegen  0.13/turn              y - +4 ring of evasion

@: about to teleport, very slightly contaminated, invisible
A: hooves 1, molten scales 1, cold resistance 1, magic shield, freezing cloud
immunity
a: Renounce Religion


You were on level 10 of the Dungeon.
You worshipped Ru.
Ru was noncommittal.
You were hungry.

You visited 2 branches of the dungeon, and saw 10 of its levels.
You also visited: Sewer.

You collected 342 gold pieces.

Inventory:

Hand Weapons
 a - a +1 dagger of draining
 b - a +1 short sword of freezing
 G - a +0 short sword of electrocution (weapon)
Missiles
 k - 174 stones (quivered)
Armour
 f - a +0 robe (worn)
 l - a +2 cloak (worn)
 m - a +0 shield
 t - a +0 leather armour
 v - a +0 chain mail
 A - a +0 buckler (worn)
 B - a +0 pair of boots (worn)
 F - a +2 hat (worn)
Jewellery
 g - an uncursed ring of flight
 i - a +2 ring of intelligence (left hand)
 y - a +4 ring of evasion (right hand)
Wands
 C - a wand of paralysis (11)
 E - a wand of flame (4)
Scrolls
 j - 2 scrolls of enchant armour
 o - 2 scrolls of remove curse
 w - 5 scrolls of teleportation
 z - a scroll of fear
 H - a scroll of enchant weapon
 I - a scroll of identify
Potions
 e - a potion of might
 h - a potion of agility {unknown}
 n - 3 potions of resistance {unknown}
 p - a potion of degeneration {unknown}
 q - 8 potions of flight {unknown}
 r - 4 potions of heal wounds {unknown}
 s - 2 potions of lignification {unknown}
 u - 3 potions of curing
 x - a potion of magic {unknown}
 D - a potion of mutation {unknown}
Comestibles
 c - 10 rations


   Skills:
 - Level 2.0 Dodging
 - Level 4.0 Stealth
 + Level 7.8 Shields
 - Level 2.0 Spellcasting
 - Level 8.0 Conjurations
 - Level 5.0 Fire Magic


You had 4 spell levels left.
You knew the following spells:

 Your Spells              Type           Power        Failure   Level  Hunger
a - Flame Tongue          Conj/Fire      ####.        1%          1    #......
b - Conjure Flame         Conj/Fire      ####....     3%          3    ###....
c - Sticky Flame          Conj/Fire      ####....     12%         4    #####..

Your spell library contained the following spells:

 Spells                   Type           Power        Failure   Level  Hunger
 Magic Dart               Conj           ####         1%          1    #......
 Throw Flame              Conj/Fire      ####..       1%          2    ###....
 Mephitic Cloud           Conj/Pois/Air  ##......     17%         3    ###....
 Inner Flame              Hex/Fire       ##......     19%         3    ###....
 Blink                    Tloc           N/A          26%         2    ###....
 Call Imp                 Summ           #.......     26%         2    ###....
 Slow                     Hex            #.......     26%         2    ###....
 Fireball                 Conj/Fire      ####......   32%         5    ######.


Dungeon Overview and Level Annotations

Branches:
Dungeon (11/15)            Temple (1/1) D:7           Sewer (visited)
   Lair: D:8-11         Orc: D:9-12

Altars:
Ashenzari
Cheibriados
Fedhas
Hepliaklqana
Kikubaaqudgha
Makhleb
Nemelex Xobeh
Okawaru
Qazlal
Ru
Sif Muna
Trog
Uskayaw
Vehumet
Wu Jian
Xom
Yredelemnul
Zin
The Shining One

Shops:
D:7 !

Annotations:
D:7 Menkaure


Innate Abilities, Weirdness & Mutations

You have large cloven feet.
You are partially covered in molten scales. (AC +2)
Your flesh is cold resistant. (rC+)
When hurt, damage is shared between your health and your magic reserves.
You are immune to freezing clouds.


Message History

The orc warrior resists with some effort.
The orc priest mumbles some strange prayers to Beogh against you.
Beogh smites you!
* * * LOW HITPOINT WARNING * * *
The orc warrior hits you with a +0 battleaxe!
* * * LOW HITPOINT WARNING * * *
You hear a croak.
You fade into invisibility!
You hear a shout!
The orc priest completely misses you. You block the orc warrior's attack.
You barely miss the orc priest.
The orc priest invokes the aid of Beogh against you.
You struggle to resist.
A bullfrog comes into view.
There is a stone staircase leading down here.
As you read the scroll of teleportation, it crumbles to dust.
You feel strangely unstable.
The orc priest calls down the wrath of Beogh upon you.
Pain shoots through your body!
You die...

#####.. ......#####
#####+## ..$.......#
#@.....# .........$#
#......# ..........#
#......# ..........#
#.o.o..# ....).....#
####......#
..........###..+......#
......)...#...##......#
..........Y.#####'#####
........Y.### #..


You could see an orc warrior (wandering) and an orc priest.

Vanquished Creatures
  Pikel (D:7)
  Grinder (D:3)
  A yak (D:10)
  Edmund (D:6)
  Duvessa (D:7)
  2 black bears
  Purgy (D:4)
  2 sky beasts (D:6)
  2 slaves (D:7)
  A centaur (D:7)
  2 ogres (D:10)
  Blork the orc (D:5)
  Dowan (D:7)
  A scorpion (D:6)
  4 killer bees (D:7)
  3 wights (D:6)
  A howler monkey (D:5)
  A crimson imp (D:4)
  5 hounds
  A jelly (D:6)
  2 orc priests
  2 orc wizards
  A bullfrog skeleton (D:6)
  An iguana (D:5)
  2 worker ants
  2 hound skeletons
  2 gnolls (D:2)
  5 adders
  A shadow imp (D:6)
  5 oozes
  2 adder skeletons
  6 dart slugs
  7 worms
  3 leopard geckos
  5 orcs
  4 ball pythons
  10 bats
  5 giant cockroaches
  5 goblins
  10 hobgoblins
  4 jackals (Sewer)
  2 quokkas (D:3)
  6 frilled lizards
  2 jackal skeletons
  6 kobolds
  6 rats
  A fungus (D:1)
140 creatures vanquished.

Vanquished Creatures (others)
  A killer bee zombie (D:7)
1 creature vanquished.

Grand Total: 141 creatures vanquished

Notes
Turn   | Place    | Note
-------+----------+-------------------------------------------
     0 | D:1      | GordonOverkill the Demonspawn Fire Elementalist began the
                  | quest for the Orb.
     0 | D:1      | Reached XP level 1. HP: 13/13 MP: 3/3
   578 | D:1      | Gained mutation: You have large cloven feet. [demonic
                  | ancestry]
   578 | D:1      | Reached XP level 2. HP: 17/19 MP: 3/5
  1092 | D:1      | Reached skill level 2 in Conjurations
  1099 | D:1      | Reached XP level 3. HP: 19/24 MP: 0/6
  1160 | D:1      | Learned a level 3 spell: Conjure Flame
  1848 | D:2      | Gained mutation: When hurt, damage is shared between your
                  | health and your magic reserves. [demonic ancestry]
  1848 | D:2      | Reached XP level 4. HP: 23/30 MP: 0/7
  1936 | D:2      | Found an ornate altar of the Wu Jian Council.
  2443 | D:3      | Reached skill level 1 in Shields
  2900 | D:3      | Noticed Grinder
  2916 | D:3      | Paralysed by Grinder for 7 turns
  2932 | D:3      | Killed Grinder
  2932 | D:3      | Reached skill level 3 in Conjurations
  2932 | D:3      | Gained mutation: You are partially covered in molten
                  | scales. (AC +2) [demonic ancestry]
  2932 | D:3      | Reached XP level 5. HP: 33/35 MP: 2/8
  2932 | D:3      | Gained mutation: Your flesh is cold resistant. (rC+)
                  | [demonic ancestry]
  2932 | D:3      | Reached XP level 6. HP: 38/41 MP: 2/9
  3388 | D:3      | Learned a level 4 spell: Sticky Flame
  3734 | D:4      | Noticed Purgy
  3882 | D:4      | Killed Purgy
  3882 | D:4      | Reached skill level 4 in Conjurations
  4284 | D:4      | Found a glowing drain.
  4301 | D:4      | Gained mutation: You are immune to freezing clouds.
                  | [demonic ancestry]
  4301 | D:4      | Reached XP level 7. HP: 18/46 MP: 0/10
  4303 | Sewer    | Entered a sewer
  5738 | D:5      | Entered Level 5 of the Dungeon
  6141 | D:5      | Noticed Blork the orc
  6150 | D:5      | Killed Blork the orc
  6697 | D:6      | Reached skill level 5 in Conjurations
  6731 | D:6      | Reached skill level 5 in Fire Magic
  6849 | D:6      | Noticed Edmund
  6862 | D:6      | Killed Edmund
  6862 | D:6      | Reached XP level 8. HP: 43/52 MP: 2/11
  7186 | D:6      | Reached skill level 6 in Conjurations
  7491 | D:6      | Reached skill level 5 in Shields
  7847 | D:6      | Found a hide-covered altar of Uskayaw.
  8350 | D:7      | Found a staircase to the Ecumenical Temple.
  8359 | Temple   | Entered the Ecumenical Temple
  8516 | Temple   | Became a worshipper of Ru the Awakened
  8684 | D:7      | Reached skill level 7 in Conjurations
  8850 | D:7      | Found Vaulitha's Distillery.
  8852 | D:7      | Noticed Duvessa
  8853 | D:7      | Noticed Dowan
  8861 | D:7      | Killed Duvessa
  8869 | D:7      | Killed Dowan
  9058 | D:7      | Noticed Pikel
  9090 | D:7      | Reached XP level 9. HP: 57/57 MP: 1/12
  9119 | D:7      | Killed Pikel
  9119 | D:7      | Reached skill level 8 in Conjurations
  9377 | D:7      | Noticed Menkaure
  9377 | D:7      | You fall into a shaft and drop 3 floors!
  9377 | D:10     | Entered Level 10 of the Dungeon
  9490 | D:10     | HP: 2/57 [orc warrior/+0 battleaxe (15)]
  9499 | D:10     | Killed from afar by an orc priest

Levels and vault maps discovered:
D:1:      dpeg_cavernosity, layout_loops_ring
D:2:      layout_loops_cross, old_standard_altar
D:3:      layout_loops_corners, minmay_circle_x, uniq_grinder
D:4:      layout_basic, first_ration, portal_sewer_entry_b,
          minmay_misc_feat_iff, uniq_purgy
D:5:      layout_rooms, uniq_blork_the_orc
D:6:      layout_layer_cave, nicolae_overflow_crystal_walls, serial_rivers,
          chequers_serial_rivers_large_b, chequers_serial_rivers_small_b,
          chequers_serial_rivers_room_b, chequers_serial_rivers_small_3,
          uniq_edmund
D:7:      layout_basic, elyvilon_altar_1, minmay_temple_entry_statues_fountains,
          serial_shops, shop, nicolae_shop_crystal, nicolae_shop_waterfront,
          nicolae_lava_and_water, kennysheep_generic_room_6, uniq_menkaure,
          uniq_pikel, uniq_duvessa
D:10:     layout_roguey [special_room_orc], grunt_livestock, billiards_dpeg
D:11:     layout_loops_ring, portal_ice_cave_entry_imps, serial_shops,
          kennysheep_little_box, shop, shop, shop_statue
Temple:   minmay_crystal_spiral_temple

Skill      XL: |  1  2  3  4  5  6  7  8  9 |
---------------+----------------------------+-----
Stealth        | 2 3 4 |  4.0
Fire Magic     | 3 4 5 |  5.0
Conjurations   | 2 3 4 5 7 8 |  8.0
Dodging        | 2 |  2.0
Shields        | 2 4 6 7 |  7.8
Spellcasting   | |  2.0

Action                   |  1- 3 |  4- 6 |  7- 9 || total
-------------------------+-------+-------+-------++-------
Melee: Dagger            |    41 |    51 |   114 ||   206
       Kick              |    15 |     6 |       ||    21
       Short sword       |       |       |    74 ||    74
Throw: Stone             |    12 |    11 |    59 ||    82
 Cast: Flame Tongue      |    61 |    59 |   133 ||   253
       Conjure Flame     |       |     3 |     2 ||     5
       Sticky Flame      |       |     2 |    17 ||    19
 Abil: Evoke Flight      |       |       |     1 ||     1
Evoke: Wand              |       |    11 |     2 ||    13
  Use: Scroll            |     2 |     5 |     7 ||    14
       Potion            |       |       |     4 ||     4
 Stab: Sleeping          |       |       |     5 ||     5
       Invisible         |       |       |     5 ||     5
  Eat: Chunk             |     4 |     6 |    19 ||    29
       Ration            |       |     1 |     1 ||     2
Armor: Robe              |     2 |    25 |    60 ||    87
Dodge: Dodged            |    21 |    91 |   182 ||   294
Block: Buckler           |       |       |    47 ||    47

Table legend:
 A = Non-vault XP
 B = Vault XP
 C = Vault XP percentage of total XP
 D = Non-vault monster count
 E = Vault monster count
 F = Vault count percentage of total count
                 A         B        C        D         E       F
            +---------+---------+-------+---------+---------+-------
      Total |    2354 |    1788 |  43.2 |      89 |      48 |  35.0
            +---------+---------+-------+---------+---------+-------
        D:1 |      35 |       9 |  20.5 |      13 |       4 |  23.5
        D:2 |      71 |       0 |   0.0 |      19 |       0 |   0.0
        D:3 |      58 |     357 |  86.0 |      13 |       7 |  35.0
        D:4 |     167 |     138 |  45.2 |       8 |       6 |  42.9
        D:5 |     258 |      91 |  26.1 |       8 |       1 |  11.1
        D:6 |     787 |     166 |  17.4 |      16 |       1 |   5.9
        D:7 |     372 |     950 |  71.9 |       7 |       6 |  46.2
       D:10 |     606 |       0 |   0.0 |       5 |       0 |   0.0
      Sewer |       0 |      77 | 100.0 |       0 |      23 | 100.0
            +---------+---------+-------+---------+---------+-------
